 Dungeon Crawl Stone Soup version 0.23.2 (console) character file.

Game seed: 3970240570699249488

65946 jt the Impaler (level 15, -3/122 HPs)
             Began as a Merfolk Gladiator on Apr 5, 2019.
             Was the Champion of Okawaru.
             Slain by Donald
             ... wielding a +1 double sword of flaming
              (44 damage)
             ... on level 3 of the Shoals.
             The game lasted 01:06:09 (20659 turns).

jt the Impaler (Merfolk Gladiator)                 Turns: 20659, Time: 01:06:09

Health: -3/122     AC: 13    Str: 20    XL:     15   Next: 18%
Magic:  19/21      EV: 39    Int: 14    God:    Okawaru [******]
Gold:   854        SH:  0    Dex: 24    Spells: 12/21 levels left

rFire    + + +     SeeInvis .   a - +9 halberd {chop, Fragile rElec rF+++ Dex+3}
rCold    . . .     Gourm    +   (shield currently unavailable)
rNeg     . . .     Faith    .   d - +1 leather armour {rPois}
rPois    +         Spirit   .   w - +2 helmet "Arec" {+Blink Dex+5}
rElec    +         Reflect  .   z - scarf {repulsion}
rCorr    .         Harm     .   n - +2 pair of gloves "Teripobe" {rElec Regen+ Str+4}
MR       ++...                  (boots currently unavailable)
Stlth    +++++++...             R - amulet of the gourmand
HPRegen  0.70/turn              m - ring of protection from magic
MPRegen  0.17/turn              E - ring of wizardry

@: heroism, repel missiles, very quick
A: change form in water, swift swim, stealthy swim, yellow scales 1, clever 1
a: Heroism, Finesse, Renounce Religion, Evoke Blink


You were on level 3 of the Shoals.
You worshipped Okawaru.
Okawaru was exalted by your worship.
You were completely stuffed.

You visited 4 branches of the dungeon, and saw 19 of its levels.
You also visited: Ossuary.

You collected 1070 gold pieces.
You spent 216 gold pieces at shops.

Inventory:

Hand Weapons
 a - the +9 halberd "Transmigrator" (weapon) {chop, Fragile rElec rF+++ Dex+3}
   (Okawaru gifted it to you on level 2 of the Lair of Beasts)

   It inflicts extra damage upon your enemies.
   It affects your dexterity (+3).
   It renders you almost immune to fire.
   It insulates you from electricity.
   It will be destroyed if unequipped.
 e - the +12 lajatang "Odweg" {flame, +Inv rN++ MR+}
   (You found it on level 1 of the Shoals)

   It has been specially enchanted to burn those struck by it, causing extra
   injury to most foes and up to half again as much damage against particularly
   susceptible opponents.
   Big, fiery blades are also staple armaments of hydra-hunters.
   It greatly protects you from negative energy.
   It affects your resistance to hostile enchantments.
   It lets you turn invisible.
 l - a +2 demon trident of electrocution
 F - a +1 glaive of protection
 U - the +6 trident "Testudine's Nightmare" {pierce, Stlth+}
   (You took it off a spriggan on level 1 of the Lair of Beasts)

   It inflicts extra damage upon your enemies.
   It makes you more stealthy.
 X - a +0 quick blade
Missiles
 c - 3 throwing nets (quivered)
 h - 161 arrows
 K - 22 tomahawks
 M - 7 steel tomahawks
Armour
 d - a +1 leather armour of poison resistance (worn)
 n - the +2 pair of gloves "Teripobe" (worn) {rElec Regen+ Str+4}
   (Okawaru gifted it to you on level 1 of the Shoals)

   It affects your strength (+4).
   It insulates you from electricity.
   It increases your rate of regeneration.
 w - the +2 helmet "Arec" (worn) {+Blink Dex+5}
   (Okawaru gifted it to you on level 3 of the Shoals)

   It affects your dexterity (+5).
   It lets you blink.
 z - a scarf of repulsion (worn)
 L - a +1 pair of boots (melded)
 P - a +2 hat of magic resistance
Jewellery
 m - a ring of protection from magic (left hand)
 D - a +3 ring of dexterity
 E - a ring of wizardry (right hand)
 R - an amulet of the gourmand (around neck)
Wands
 k - a wand of flame (21)
 p - a wand of polymorph (9)
 y - a wand of paralysis (9)
 J - a wand of disintegration (15)
 Y - a wand of clouds (2)
 Z - a wand of random effects (11)
Scrolls
 g - 4 scrolls of magic mapping
 j - 3 scrolls of immolation
 s - 2 scrolls of fear
 t - 15 scrolls of identify
 u - 2 scrolls of vulnerability
 x - 5 scrolls of teleportation
 A - 4 scrolls of remove curse
 Q - 2 scrolls of enchant weapon
 W - a scroll of fog
Potions
 b - 3 potions of heal wounds
 i - 6 potions of agility
 q - 3 potions of berserk rage
 r - 6 potions of curing
 v - 2 potions of ambrosia
 B - 3 potions of brilliance
 C - 2 potions of might
 G - 3 potions of lignification
 H - 2 potions of haste
 T - 2 potions of flight
Miscellaneous
 V - 3 phantom mirrors
Comestibles
 f - 23 rations
 o - 3 chunks of flesh


   Skills:
 + Level 12.8(17.8) Fighting
 - Level 16.0(21.0) Polearms
 - Level 5.4(10.4) Throwing
 - Level 3.0(8.0) Armour
 + Level 15.1(20.1) Dodging
 - Level 9.9(14.9) Stealth
 - Level 4.3(9.3) Unarmed Combat
 - Level 3.9 Spellcasting
 - Level 1.2 Conjurations
 - Level 4.2 Hexes
 - Level 5.7 Transmutations
 - Level 4.3 Ice Magic
 - Level 1.3 Earth Magic
 - Level 4.5 Invocations
 - Level 9.0 Evocations


You had 12 spell levels left.
You knew the following spells:

 Your Spells              Type           Power        Failure   Level  Hunger
a - Magic Dart            Conj           #...         5%          1    None
b - Confusing Touch       Hex            ##....       1%          1    None
c - Passwall              Tmut/Erth      ##......     3%          2    ##.....
d - Beastly Appendage     Tmut           ###...       1%          1    None
e - Sticks to Snakes      Tmut           ###.....     1%          2    ##.....
f - Ensorcelled Hibernat  Hex/Ice        ##....       2%          2    ##.....

Your spell library contained the following spells:

 Spells                   Type           Power        Failure   Level  Hunger
 Corona                   Hex            ##.....      1%          1    None
 Slow                     Hex            ##......     2%          2    ##.....
 Confuse                  Hex            ##......     4%          3    ###....
 Tukima's Dance           Hex            ##......     4%          3    ###....
 Sandblast                Erth           #.....       5%          1    None
 Flame Tongue             Conj/Fire      #....        7%          1    None
 Animate Skeleton         Necr           N/A          9%          1    None
 Pain                     Necr           #...         9%          1    None
 Searing Ray              Conj           #.....       9%          2    ##.....
 Dazzling Spray           Conj/Hex       ##....       9%          3    ###....
 Spider Form              Tmut/Pois      ##........   9%          3    ###....
 Throw Flame              Conj/Fire      #.....       11%         2    ##.....
 Inner Flame              Hex/Fire       #.......     12%         3    ###....
 Ice Form                 Ice/Tmut       ###.....     12%         4    ####...
 Blink                    Tloc           N/A          14%         2    ##.....
 Call Imp                 Summ           #.......     14%         2    ##.....
 Stone Arrow              Conj/Erth      #.....       16%         3    ###....
 Conjure Flame            Conj/Fire      #.......     21%         3    ###....
 Petrify                  Tmut/Erth      ##......     21%         4    ####...
 Mephitic Cloud           Conj/Pois/Air  #.......     22%         3    ###....
 Blade Hands              Tmut           ###.......   22%         5    ######.
 Gell's Gravitas          Tloc           #.........   26%         3    ###....
 Regeneration             Chrm/Necr      #.........   26%         3    ###....
 Vampiric Draining        Necr           #.........   26%         3    ###....
 Fulminant Prism          Conj/Hex       ##........   26%         4    ####...
 Yara's Violent Unravell  Hex/Tmut       ###.......   30%         5    ######.
 Metabolic Englaciation   Hex/Ice        ##........   38%         5    ######.
 Iskenderun's Mystic Bla  Conj           #.......     45%         4    ####...
 Irradiate                Conj/Tmut      ##........   47%         5    ######.
 Force Lance              Conj/Tloc      #.......     52%         4    ####...
 Sticky Flame             Conj/Fire      #.......     52%         4    ####...
 Animate Dead             Necr           N/A          63%         4    ####...
 Hydra Form               Tmut           ###.......   75%         6    #######
 Lee's Rapid Deconstruct  Erth           #.........   78%         5    ######.
 Fireball                 Conj/Fire      #.........   86%         5    ######.
 Statue Form              Tmut/Erth      ##.......    95%         6    #######
 Dragon Form              Tmut           ###.......   99%         7    #######


Dungeon Overview and Level Annotations

Branches:
Dungeon (9/15)             Temple (1/1) D:4            Lair (6/6) D:9
 Shoals (3/4) Lair:2       Spider (0/4) Lair:4        Slime (0/5) Lair:6
    Orc: D:9-12

Altars:
Ashenzari
Cheibriados
Elyvilon
Fedhas
Hepliaklqana
Makhleb
Nemelex Xobeh
Okawaru
Ru
Trog
Uskayaw
Vehumet
Xom
Yredelemnul

Shops:
D:4 [   D:5 =   D:7 }   Shoals:3 [

Annotations:
Shoals:3 Donald


Innate Abilities, Weirdness & Mutations

You revert to your normal form in water You are very nimble and swift while swimming.
You are very stealthy in the water. (Stealth+)
You are partially covered in yellow scales. (AC +2)
Your mind is acute. (Int +2)


Message History

Donald hits you with a +1 double sword of flaming!!
* * * LOW HITPOINT WARNING * * *
Donald burns you.
* * * LOW HITPOINT WARNING * * *
Evoke which item? (* to show all) (? for menu, Esc to quit)
Okay, then.
You feel better.
Donald says, "The sirens are starting to hurt my ears."
Donald hits you with a +1 double sword of flaming.
Press: ? - help, v - describe, . - travel
Here: Donald, wielding a +1 double sword of flaming, wearing a +3 chain mail of cold resistance and wearing a +0 shield of reflection (heavily wounded, fast, unusually strong) Some shallow water.
You gain the combat prowess of a mighty hero.
Donald says, "Okawaru always makes me think of chokos."
Donald completely misses you.
You puncture Donald!
Donald is heavily wounded.
Donald says, "Oh, hey!
I could use a new shield.
Have you got any spares?"
Donald hits you with a +1 double sword of flaming!!!
You die...

......≈≈..>..#≈(≈≈##
.).....≈.....##≈≈≈≈##
............≈≈##≈≈≈≈#
.............≈≈##))≈#
#......≈.....≈≈≈#≈≈≈#
.......≈≈.##.≈≈≈≈≈≈≈#
≈.......≈≈.##≈≈≈#≈≈≈#
..#####...≈..≈≈##@≈≈#
..# ##.....≈##@≈≈≈#
≈............##≈≈≈≈##
.............#.))≈##
.............#...##
≈........(...#...#
≈≈...........#...#.≈
≈≈.................≈≈
≈≈.................≈≈
≈≈≈∩..............≈≈≈


You could see Donald.

Vanquished Creatures
  Kirke (Lair:4)
  5 dire elephants (Lair:6)
  Josephine (Lair:4)
  A merfolk impaler (Shoals:1)
  6 hydras
  An anaconda (Lair:6)
  An alligator snapping turtle (Shoals:3)
  3 catoblepae (Lair:4)
  The ghost of Jamnu the Carver, a journeyman HaCK of Nemelex Xobeh (Lair:1)
  A merfolk avatar (Shoals:1)
  2 merfolk aquamancers (Shoals:1)
  5 sea snakes
  A lindwurm (Lair:6)
  9 harpies
  A wolf spider (Lair:4)
  10 fauns
  5 manticores
  8 elephants
  3 merfolk sirens (Shoals:1)
  A torpor snail (Lair:6)
  3 black mambas
  Joseph (D:9)
  A gargoyle (D:8)
  9 spiny frogs
  2 komodo dragons
  A rime drake (Lair:6)
  6 polar bears
  A jumping spider (Lair:4)
  3 wind drakes
  19 merfolk
  A dream sheep (Lair:4)
  12 blink frogs
  6 hippogriffs
  3 snapping turtles
  2 slime creatures (Lair:6)
  Sigmund (D:4)
  3 spriggans (Lair:1)
  3 wyverns
  2 redbacks (Lair:4)
  17 yaks
  4 hogs
  A human (D:8)
  4 water elementals (Shoals:1)
  3 wraiths (Lair:4)
  A hungry ghost (D:8)
  A basilisk (Lair:1)
  The ghost of grocchini the Slasher, an amateur MfGl (D:4)
  Menkaure (D:5)
  8 porcupines
  Duvessa (D:5)
  9 water moccasins
  4 black bears
  2 orc warriors (D:9)
  A sky beast (D:8)
  2 necrophages
  5 ogres
  4 centaurs
  12 wolves
  11 crocodiles
  A big kobold (D:8)
  9 bullfrogs
  5 scorpions
  A wyvern skeleton (D:9)
  Dowan (D:5)
  5 killer bees (D:8)
  2 howler monkeys
  3 jellies
  An electric eel (Lair:2)
  4 crimson imps
  A centaur zombie (D:5)
  4 hounds
  A bullfrog skeleton (D:4)
  4 orc wizards
  2 quasits
  4 iguanas
  Natasha (thrice) (D:2)
  Terence (D:3)
  3 hell rats (Lair:4)
  3 worker ants
  2 hound zombies
  A hound skeleton (D:6)
  4 mummies (Ossuary)
  A worker ant zombie (D:8)
  4 gnolls
  3 adders
  A river rat (Lair:4)
  3 shadow imps
  An ooze (D:6)
  3 adder skeletons
  7 dart slugs
  4 leopard geckos
  23 orcs
  6 giant cockroaches
  4 hobgoblins
  6 jackals
  3 quokkas
  2 ball pythons
  7 bats
  3 frilled lizards
  6 gnoll skeletons (Ossuary)
  6 gnoll zombies (Ossuary)
  11 goblins
  2 goblin skeletons (Ossuary)
  9 goblin zombies (Ossuary)
  2 hobgoblin skeletons (Ossuary)
  3 hobgoblin zombies (Ossuary)
  17 kobolds
  5 kobold skeletons (Ossuary)
  3 kobold zombies (Ossuary)
  A leopard gecko skeleton (D:4)
  6 orc skeletons (Ossuary)
  3 orc zombies (Ossuary)
  14 rats
  4 rat skeletons (Ossuary)
  A rat zombie (Ossuary)
  3 fungi
  9 plants
488 creatures vanquished.

Vanquished Creatures (others)
  A bat (D:2)
  A quokka (D:2)
  2 fungi
  13 plants
17 creatures vanquished.

Grand Total: 505 creatures vanquished

Notes
Turn   | Place    | Note
-------+----------+-------------------------------------------
     0 | D:1      | jt the Merfolk Gladiator began the quest for the Orb.
     0 | D:1      | Reached XP level 1. HP: 16/16 MP: 1/1
   159 | D:1      | Reached XP level 2. HP: 19/22 MP: 2/2
   256 | D:1      | Reached skill level 5 in Polearms
   356 | D:1      | Reached XP level 3. HP: 19/28 MP: 3/3
  1124 | D:3      | Noticed Terence
  1184 | D:2      | Reached XP level 4. HP: 33/34 MP: 4/4
  1190 | D:2      | Found a white marble altar of Elyvilon.
  1203 | D:2      | Noticed Natasha
  1210 | D:2      | Killed Natasha
  1210 | D:2      | Reached skill level 6 in Polearms
  1337 | D:2      | Noticed Natasha
  1344 | D:2      | Killed Natasha
  1434 | D:2      | Reached skill level 1 in Armour
  1434 | D:2      | Reached skill level 1 in Stealth
  1434 | D:2      | Reached XP level 5. HP: 39/40 MP: 5/5
  1501 | D:2      | Noticed Natasha
  1509 | D:2      | Killed Natasha
  1512 | D:2      | Gained mutation: You are partially covered in yellow
                  | scales. (AC +2) [potion of mutation]
  1512 | D:2      | Gained mutation: Your mind is acute. (Int +2) [potion of
                  | mutation]
  1666 | D:3      | Reached skill level 7 in Polearms
  1765 | D:3      | Found an iron altar of Okawaru.
  1769 | D:3      | Became a worshipper of Warmaster Okawaru
  1834 | D:3      | Found a snail-covered altar of Cheibriados.
  1987 | D:3      | Killed Terence
  1987 | D:3      | Reached skill level 8 in Polearms
  1987 | D:3      | Reached XP level 6. HP: 45/46 MP: 6/6
  2006 | D:3      | Found a shattered altar of Ashenzari.
  2454 | D:4      | Found a runed translucent gate.
  2454 | D:4      | Noticed Sigmund
  2682 | D:4      | Found a sparkling altar of Nemelex Xobeh.
  2734 | D:4      | Learned a level 1 spell: Magic Dart
  2754 | D:4      | Found a sacrificial altar of Ru.
  2844 | D:4      | Noticed grocchini's ghost (amateur MfGl)
  2856 | D:4      | Found a runed translucent gate.
  2856 | D:4      | Found a runed translucent gate.
  2875 | D:5      | Entered Level 5 of the Dungeon
  2892 | D:4      | Found Iwewkiul's Antique Armour Shoppe.
  2918 | D:4      | Reached skill level 9 in Polearms
  2938 | D:4      | Found a staircase to the Ecumenical Temple.
  2950 | Temple   | Entered the Ecumenical Temple
  3205 | D:5      | Noticed Dowan
  3206 | D:5      | Found Rets's Jewellery Shoppe.
  3207 | D:5      | Noticed Duvessa
  3255 | D:5      | Killed Dowan
  3255 | D:5      | Reached XP level 7. HP: 39/52 MP: 7/7
  3379 | D:6      | Reached * piety under Okawaru
  3391 | D:6      | Found a basalt altar of Yredelemnul.
  3397 | D:6      | Reached skill level 1 in Evocations
  3590 | D:5      | Killed Duvessa
  3590 | D:5      | Reached skill level 5 in Dodging
  4151 | D:5      | Noticed Menkaure
  4161 | D:5      | Killed Menkaure
  4161 | D:5      | Reached skill level 10 in Polearms
  4194 | D:5      | Learned a level 1 spell: Confusing Touch
  4394 | D:4      | Bought an embroidered scarf for 216 gold pieces
  4547 | D:6      | Reached XP level 8. HP: 60/60 MP: 9/9
  4622 | D:6      | Reached ** piety under Okawaru
  4793 | D:6      | Learned a level 2 spell: Passwall
  4871 | D:6      | Found a blossoming altar of Fedhas.
  5196 | D:7      | Found Eptadu's Gadget Emporium.
  5405 | D:7      | Reached skill level 5 in Fighting
  5669 | D:7      | Reached skill level 11 in Polearms
  5954 | D:8      | Reached XP level 9. HP: 66/66 MP: 12/12
  5958 | D:8      | Reached *** piety under Okawaru
  6210 | D:8      | Found a sand-covered staircase.
  6219 | Ossuary  | Entered an ossuary
  6943 | D:7      | Found a radiant altar of Vehumet.
  6948 | D:7      | Reached skill level 5 in Evocations
  6949 | D:7      | Found a burning altar of Makhleb.
  7065 | D:8      | Reached skill level 13 in Polearms
  7065 | D:8      | Reached skill level 5 in Stealth
  7065 | D:8      | Reached XP level 10. HP: 78/78 MP: 12/15
  7090 | D:8      | Found a bloodstained altar of Trog.
  7106 | D:8      | Reached skill level 14 in Polearms
  7133 | D:8      | Reached skill level 1 in Transmutations
  7178 | D:8      | Reached **** piety under Okawaru
  7348 | D:8      | Found a hazy altar of Hepliaklqana.
  7387 | D:8      | Noticed a gargoyle
  7405 | D:8      | Killed a gargoyle
  7405 | D:8      | Reached skill level 10 in Dodging
  7405 | D:8      | Reached skill level 1 in Hexes
  7569 | D:8      | Found a hide-covered altar of Uskayaw.
  7571 | D:8      | Found a shimmering altar of Xom.
  7572 | D:8      | Found an iron altar of Okawaru.
  7739 | D:9      | Found a staircase to the Lair.
  7746 | D:9      | Noticed Joseph
  7786 | D:8      | Reached skill level 1 in Spellcasting
  7908 | D:9      | Killed Joseph
  7908 | D:9      | Reached skill level 1 in Invocations
  8055 | D:8      | Reached XP level 11. HP: 66/84 MP: 16/16
  8195 | D:9      | Learned a level 1 spell: Beastly Appendage
  8198 | D:9      | Learned a level 2 spell: Sticks to Snakes
  8206 | D:9      | Learned a level 2 spell: Ensorcelled Hibernation
  8276 | D:9      | Reached ***** piety under Okawaru
  9059 | D:4      | Killed grocchini's ghost
  9088 | D:4      | Killed Sigmund
  9088 | D:4      | Reached skill level 1 in Ice Magic
  9284 | Lair:1   | Entered Level 1 of the Lair of Beasts
  9443 | Lair:1   | Found a runed translucent door.
  9448 | Lair:1   | Noticed an eight-headed hydra
  9451 | Lair:1   | Killed an eight-headed hydra
  9451 | Lair:1   | Received a gift from Okawaru
  9533 | Lair:1   | Noticed Jamnu's ghost (journeyman HaCK)
  9534 | Lair:1   | Identified the +6 trident "Testudine's Nightmare" {pierce,
                  | Stlth+}
  9671 | Lair:1   | Noticed a four-headed hydra
  9687 | Lair:1   | Killed a four-headed hydra
 10240 | Lair:1   | Killed Jamnu's ghost
 10695 | Lair:2   | Reached XP level 12. HP: 78/94 MP: 17/17
 10888 | Lair:2   | Noticed a six-headed hydra
 10898 | Lair:2   | Killed a six-headed hydra
 11166 | Lair:2   | Received a gift from Okawaru
 11168 | Lair:2   | Got a shimmering halberd {god gift}
 11169 | Lair:2   | Identified the +9 halberd "Transmigrator" {chop, Fragile
                  | rElec rF+++ Dex+3} (Okawaru gifted it to you on level 2 of
                  | the Lair of Beasts)
 11315 | Lair:2   | Reached skill level 1 in Earth Magic
 11358 | Lair:2   | Reached skill level 5 in Transmutations
 11377 | Lair:2   | Reached skill level 1 in Conjurations
 11610 | Lair:2   | Found a staircase to the Shoals.
 13012 | Lair:3   | Noticed a seven-headed hydra
 13018 | Lair:3   | Killed a seven-headed hydra
 13428 | Lair:4   | Noticed a catoblepas
 13428 | Lair:4   | Noticed a catoblepas
 13727 | Lair:4   | Noticed Josephine
 13734 | Lair:4   | Received a gift from Okawaru
 13734 | Lair:4   | Reached skill level 15 in Polearms
 13774 | Lair:4   | Killed Josephine
 13996 | Lair:4   | Reached XP level 13. HP: 84/101 MP: 18/18
 14019 | Lair:4   | Reached skill level 5 in Throwing
 14722 | Lair:4   | Found a hole to the Spider Nest.
 15266 | Lair:5   | Noticed Kirke
 15318 | Lair:5   | Noticed a sphinx
 15322 | Lair:4   | Killed Kirke
 15322 | Lair:4   | Reached skill level 10 in Fighting
 15976 | Lair:6   | Entered Level 6 of the Lair of Beasts
 16117 | Lair:5   | Reached ****** piety under Okawaru
 16117 | Lair:5   | Received a gift from Okawaru
 16697 | Lair:6   | Received a gift from Okawaru
 16701 | Lair:6   | Reached skill level 16 in Polearms
 16761 | Lair:6   | Found a staircase to the Slime Pits.
 17493 | Lair:6   | Reached XP level 14. HP: 83/111 MP: 18/20
 17819 | Lair:6   | Noticed a dire elephant
 17837 | Lair:6   | Killed a dire elephant
 17898 | Lair:6   | Noticed a dire elephant
 17907 | Lair:6   | Noticed a dire elephant
 17922 | Lair:6   | Killed a dire elephant
 17939 | Lair:6   | Killed a dire elephant
 18024 | Lair:6   | Noticed a dire elephant
 18024 | Lair:6   | Noticed a dire elephant
 18039 | Lair:6   | Killed a dire elephant
 18046 | Lair:6   | Killed a dire elephant
 18290 | Shoals:1 | Entered Level 1 of the Shoals
 18309 | Shoals:1 | Received a gift from Okawaru
 18609 | Shoals:1 | Got a pair of heavily runed gloves {god gift}
 18620 | Shoals:1 | Identified the +2 pair of gloves "Teripobe" {rElec Regen+
                  | Str+4} (Okawaru gifted it to you on level 1 of the Shoals)
 19003 | Shoals:1 | Got a bloodstained chain mail
 19226 | Shoals:1 | Identified the +4 chain mail of Hemn {*Contam rPois MR+++
                  | Stlth+} (You found it on level 1 of the Shoals)
 19517 | Shoals:1 | Identified the +12 lajatang "Odweg" {flame, +Inv rN++ MR+}
                  | (You found it on level 1 of the Shoals)
 19919 | Shoals:3 | Received a gift from Okawaru
 19920 | Shoals:3 | Got a heavily runed helmet {god gift}
 19931 | Shoals:3 | Identified the +2 helmet "Arec" {+Blink Dex+5} (Okawaru
                  | gifted it to you on level 3 of the Shoals)
 20204 | Shoals:3 | Reached XP level 15. HP: 60/122 MP: 21/21
 20305 | Shoals:3 | Found Wonidyeh's Armour Boutique.
 20547 | Shoals:3 | Reached skill level 15 in Dodging
 20630 | Shoals:3 | Noticed Donald
 20659 | Shoals:3 | Slain by Donald

Skill      XL: |  1  2  3  4  5  6  7  8  9 10 11 12 13 14 15 |
---------------+----------------------------------------------+-----
Polearms       | 5 6 8 9 10 11 13 14 15 16 | 16.0
Armour         | 1 3 |  3.0
Stealth        | 1 5 6 8 9 |  9.9
Fighting       | 3 4 5 7 8 9 10 12 | 12.8
Evocations     | 2 4 6 7 8 9 |  9.0
Dodging        | 5 7 9 10 11 12 14 15 | 15.1
Unarmed Combat | 4 |  4.3
Transmutations | 2 4 5 |  5.7
Hexes          | 1 3 4 |  4.2
Spellcasting   | 1 3 |  3.9
Invocations    | 1 3 4 |  4.5
Ice Magic      | 3 4 |  4.3
Throwing       | 3 4 5 |  5.4
Earth Magic    | 1 |  1.3
Conjurations   | 1 |  1.2

Action                   |  1- 3 |  4- 6 |  7- 9 | 10-12 | 13-15 || total
-------------------------+-------+-------+-------+-------+-------++-------
Melee: Trident           |   108 |   209 |   436 |   361 |       ||  1114
       Tailslap          |       |     1 |       |       |    30 ||    31
       Punch             |       |       |     1 |     4 |       ||     5
       Headbutt          |       |       |       |     1 |       ||     1
       Halberd           |       |       |       |   148 |   637 ||   785
Throw: Throwing net      |     3 |     3 |     1 |       |     2 ||     9
       Tomahawk          |     2 |    13 |    16 |    17 |     7 ||    55
       Stone             |       |     3 |     6 |     1 |       ||    10
       Javelin           |       |       |       |    38 |     7 ||    45
 Cast: Beastly Appendage |       |       |       |     2 |       ||     2
       Passwall          |       |       |       |     1 |       ||     1
       Confusing Touch   |       |       |       |       |     1 ||     1
Invok: Heroism           |       |       |     1 |     3 |     7 ||    11
Evoke: Wand              |       |     1 |     1 |    18 |    20 ||    40
  Use: Scroll            |       |    11 |     7 |     3 |     8 ||    29
       Potion            |       |     7 |     5 |     4 |     5 ||    21
 Stab: Sleeping          |     2 |     2 |     3 |    15 |    16 ||    38
       Held in net/web   |       |     1 |     1 |       |       ||     2
       Distracted        |       |       |     1 |       |     1 ||     2
  Eat: Chunk             |     1 |     4 |     8 |    22 |    22 ||    57
       Ration            |       |     1 |     1 |     3 |       ||     5
Armor: Leather armour    |    19 |    39 |    60 |    73 |    57 ||   248
Dodge: Dodged            |    49 |    93 |   197 |   300 |   561 ||  1200
       Deflected         |       |       |     1 |     7 |    13 ||    21
